AoeStats
← Gezzle

Black Forest

510916565Analyzed
3v3 RM · 17h ago on Oct 3, 2026· 52m 53s· 6 players
Game mode
Random Map
Map size
Normal (6 player)
Population
200
Speed
Normal
Resources
Standard
Victory
Conquest
Starting age
Dark Age
Ending age
Imperial Age
RankedLock teamsTeams togetherTeam positionsShared explorationLock speedFull tech treeHidden civsTurbo modeCheats
Victory
Defeat
🇵🇪 Aztecs · Peru
1041
+13
🇺🇸 Britons · United States
1002
+14
🇦🇺 Inca · Australia
990
+15
🇧🇷 Huns · Brazil
1000
-45
🇧🇷 Bohemians · Brazil
997
-15
🇧🇷 Burgundians · Brazil
910
-12
marshall_o18
0:46 Loom
12:00 Feudal Age
18:11 Castle Age
16:11 Double-Bit Axe
16:24 Horse Collar
31:11 Imperial Age
30:20 Elite Skirmisher
32:50 Elite Jaguar Warrior
35:42 Gold Mining
38:57 Padded Archer Armor
38:58 Scale Mail Armor
39:09 Forging
40:56 Chain Mail Armor
40:34 Man-at-Arms
40:35 Pikeman
41:05 Arson
42:25 Squires
41:46 Long Swordsman
42:12 Gambesons
42:59 Garland Wars
44:11 Town Watch
45:46 Heavy Plow
46:22 Atlatl
46:10 Two-Handed Swordsman
49:19 Plate Mail Armor
49:05 Leather Archer Armor
48:40 Fletching
49:26 Iron Casting
51:11 Champion
51:13 Eagle Warrior
Gezzle
0:41 Loom
12:30 Feudal Age
14:34 Double-Bit Axe
14:30 Horse Collar
18:03 Castle Age
17:46 Champi Runner
21:26 Scale Mail Armor
26:56 Wheelbarrow
26:26 Heavy Plow
26:47 Champi Warrior
29:39 Fletching
32:51 Chain Mail Armor
32:46 Forging
34:15 Ballistics
33:52 Bodkin Arrow
35:24 Hand Cart
37:03 Iron Casting
40:28 Imperial Age
39:53 Thumb Ring
39:54 Padded Archer Armor
40:12 Andean Sling
40:19 Town Watch
40:29 Elite Champi Warrior
41:32 Conscription
41:31 Fabric Shields
42:46 Chemistry
42:58 Elite Kamayuk
44:06 Bow Saw
44:27 Crop Rotation
44:54 Plate Mail Armor
52:34 Blast Furnace
Sonhero1
1:41 Loom
12:35 Feudal Age
14:09 Horse Collar
17:24 Castle Age
16:19 Double-Bit Axe
18:25 Wheelbarrow
18:03 Stone Mining
18:51 Bow Saw
19:45 Heavy Plow
23:58 Town Watch
25:02 Gold Mining
26:52 Hand Cart
28:30 Scale Barding Armor
28:35 Forging
29:59 Fletching
30:09 Padded Archer Armor
32:57 Imperial Age
31:12 Ballistics
30:33 Treadmill Crane
30:52 Elite Skirmisher
31:41 Bodkin Arrow
32:02 Leather Archer Armor
33:03 Yeomen
33:32 Caravan
34:34 Gold Shaft Mining
34:14 Guilds
35:12 Two-Man Saw
34:37 Conscription
33:39 Elite Longbowman
34:40 Bracer
35:10 Ring Archer Armor
36:27 Chemistry
36:31 Hoardings
36:41 Ring Archer Armor
37:46 Warwolf
37:53 Town Patrol
38:30 Iron Casting
37:55 Scale Mail Armor
38:15 Chain Barding Armor
40:20 Husbandry
39:40 Cavalier
44:18 Blast Furnace
43:33 Chain Mail Armor
43:53 Plate Barding Armor
43:34 Man-at-Arms
43:59 Gambesons
44:15 Squires
44:01 Arson
43:36 Pikeman
44:39 Long Swordsman
46:35 Two-Handed Swordsman
46:35 Halberdier
47:17 Champion
50:49 Heavy Scorpion
50:49 Onager
50:50 Capped Ram
51:07 Sappers
51:25 Spies/Treason
Baruk27
2:29 Loom
15:31 Feudal Age
17:39 Horse Collar
17:46 Double-Bit Axe
17:57 Gold Mining
20:15 Wheelbarrow
25:00 Castle Age
24:22 Stone Mining
25:50 Elite Skirmisher
26:23 Fletching
26:57 Bow Saw
27:47 Gold Shaft Mining
28:25 Heavy Plow
29:09 Man-at-Arms
30:40 Forging
31:00 Pikeman
32:27 Husbandry
35:04 Hand Cart
35:15 Bodkin Arrow
40:27 Imperial Age
40:32 Scale Barding Armor
40:44 Elite Tarkan
42:17 Bracer
42:16 Murder Holes
43:15 Cavalier
44:34 Iron Casting
46:34 Blast Furnace
45:59 Ballistics
ralf.ink
1:05 Loom
11:04 Feudal Age
11:45 Double-Bit Axe
11:43 Horse Collar
18:19 Castle Age
18:11 Fletching
18:21 Padded Archer Armor
19:17 Bow Saw
19:10 Heavy Plow
19:15 Elite Skirmisher
19:19 Pikeman
22:23 Chemistry
26:31 Caravan
34:01 Imperial Age
34:17 Bodkin Arrow
34:32 Forging
38:30 Murder Holes
39:04 Bracer
39:19 Leather Archer Armor
CORONEL-JLOPESCO
4:22 Loom
13:11 Feudal Age
13:26 Gold Mining
13:53 Double-Bit Axe
14:02 Stone Mining
14:41 Horse Collar
19:57 Castle Age
18:46 Gold Shaft Mining
18:17 Heavy Plow
18:57 Stone Shaft Mining
18:14 Fletching
18:26 Padded Archer Armor
19:48 Scale Mail Armor
21:44 Wheelbarrow
21:38 Squires
21:47 Pikeman
24:24 Leather Archer Armor
25:29 Town Watch
30:08 Crop Rotation
29:31 Arson
29:59 Bow Saw
30:20 Forging
30:44 Hand Cart
31:32 Burgundian Vineyards
31:53 Bodkin Arrow
35:23 Imperial Age
33:54 Caravan
34:24 Coinage
34:05 Guilds
34:39 Town Patrol
34:54 Elite Skirmisher
35:42 Scale Barding Armor
36:14 Iron Casting
35:55 Chain Mail Armor
38:04 Two-Man Saw
37:43 Banking
36:50 Halberdier
39:18 Chemistry
37:59 Treadmill Crane
38:52 Ballistics
38:29 Murder Holes
39:21 Conscription
39:54 Husbandry
39:15 Cavalier
41:02 Bracer
41:24 Chain Barding Armor
40:41 Paladin
47:55 Crossbowman
Connection lost

Rejoining the realm…

Still unreachable

The connection could not be restored.

Session expired

The server has moved on; the page needs a fresh start.